 Dungeon Crawl Stone Soup version 0.30.0-5-g1a98f26d00 (webtiles) character file.

Game seed: 16595588606241758924

66 chucklez21 the Ruffian (level 3, -1/36 HPs)
             Began as a Troll Berserker on May 10, 2023.
             Was a Believer of Trog.
             Slain by a gnoll
             ... wielding a +0 spear
              (8 damage)
             ... on level 2 of the Dungeon.
             The game lasted 00:05:06 (1074 turns).

chucklez21 the Ruffian (Troll Berserker)            Turns: 1074, Time: 00:05:07

Health: -1/36      AC:  4    Str: 27    XL:     3   Next: 96%
Magic:  2/2        EV: 10    Int:  3    God:    Trog [**....]
Gold:   74         SH:  0    Dex:  9    Spells: 2/2 levels left

rFire   . .          .
                       - Unarmed
rCold   . . .        (no shield)
rNeg    . . .        a - +0 animal skin
rPois   .            (helmet restricted)
rElec   .            (no cloak)
rCorr   .            (gloves unavailable)
SInv    +            (boots unavailable)
Will    .....        (no amulet)
Stlth   +            d - ring of see invisible
HPRegen 1.06/turn    (no ring)
MPRegen 0.08/turn

%: no passive effects
@: no status effects
A: large, unfitting armour, claws 3, regeneration 1, shaggy fur 1, tough skin 1
a: Renounce Religion, Berserk, Trog's Hand


You were on level 2 of the Dungeon.
You worshipped Trog.
Trog was pleased with you.
You visited 1 branch of the dungeon, and saw 2 of its levels.

You collected 74 gold pieces.

Inventory:

Missiles
 c - 40 stones (quivered)
Armour
 a - a +0 animal skin (worn)
Jewellery
 d - a ring of see invisible (left claw)
Scrolls
 e - 2 scrolls of teleportation {unknown}
 g - 2 scrolls of enchant armour {unknown}
 h - a scroll of identify {unknown}
 l - a scroll of noise {unknown}
 m - a scroll of torment {unknown}
Potions
 b - a potion of haste {unknown}
 f - a potion of invisibility {unknown}
 i - 2 potions of cancellation {unknown}
 j - a potion of brilliance {unknown}
 k - a potion of degeneration {unknown}


   Skills:
 + Level 2.9 Fighting
 + Level 3.0 Dodging
 + Level 3.9 Unarmed Combat


You had 2 spell levels left.
You didn't know any spells.
Your spell library was empty.

Dungeon Overview and Level Annotations

Branches:
Dungeon (2/15)

Altars:

Shops:
D:2 *

Annotations:
D:2 Sigmund


Innate Abilities, Weirdness & Mutations

You are too large for most types of armour.
You have claws for hands.
Your natural rate of healing is unusually fast.
You are covered in fur. (AC +1)
You have tough skin. (AC +1)


Message History

You see here a book of Conjurations.
c - 40 stones (gained 8)
There is an open door here.
You open the door.
An adder and 3 gnolls come into view.
The gnoll shouts! x2
A gnoll comes into view. It is wielding a +0 spear.
Found 4 stones.
The gnoll shouts!
The gnoll hits you but does no damage.
You miss the adder.
The gnoll hits you from afar with a +0 spear.
The adder bites you but does no damage.
You miss the adder. You claw the adder!
You kill the adder!
Trog accepts your kill.
The gnoll hits you from afar with a +0 spear!
The gnoll hits you with a +0 spear. The gnoll misses you.
There is an open door here.
You claw the gnoll!
The gnoll is almost dead.
The gnoll barely misses you. The gnoll hits you with a +0 spear.
The gnoll barely misses you. x2
The gnoll hits you from afar with a +0 spear.
You claw the gnoll!
You kill the gnoll!
Trog accepts your kill. The gnoll barely misses you.
The gnoll hits you but does no damage.
Your Dodging skill increases to level 3!
The gnoll closely misses you.
The gnoll hits you from afar with a +0 spear.
The gnoll hits you with a +0 spear.
* * * LOW HITPOINT WARNING * * *
The gnoll barely misses you. The gnoll closely misses you.
There is an open door, spattered with blood here.
You see here a +0 flail.
You closely miss the gnoll. The gnoll hits you with a +0 spear.
* * * LOW HITPOINT WARNING * * *
The gnoll misses you. The gnoll hits you with a +0 spear!
You die...

......#.# #.# ###<....# #...# #.#
.######.## #...# #.### .# #..#
#...# #.#.. .######..##### #...#
##### #.#.# .....##..##...#
#...###...###.#.#
........##.....##...##.....##.#.#
.....#..#.......#g..#.......#.#..
........#..(...g@...'†...:..#.###
##.####.#......g#...#.......#.# #
#.####.##.....##...##.....##.# #
##.#.....##...# #...###...###.# #
...#...#.###### #...# ##### #.# #
## #..)..##...###...###...###.# #
.# #....##.....##...##.....##)#
.# #....#.......#...#.......#.###
.# #....#.......)...'.......#....


You could see 3 gnolls.

Vanquished Creatures
  A gnoll (D:2)
  2 adders (D:2)
  A worm (D:2)
  3 ball pythons (D:1)
  A bat (D:2)
  3 endoplasms
  4 hobgoblins
  A jackal (D:2)
  3 kobolds
  4 quokkas
  2 frilled lizards (D:1)
  7 goblins
  A rat (D:1)
33 creatures vanquished.

Notes
Turn   | Place    | Note
-------+----------+-------------------------------------------
     0 | D:1      | chucklez21 the Troll Berserker began the quest for the Orb.
     0 | D:1      | Reached XP level 1. HP: 22/22 MP: 0/0
    64 | D:1      | Reached XP level 2. HP: 29/29 MP: 1/1
   715 | D:2      | Noticed Sigmund
   837 | D:2      | Reached ** piety under Trog
   913 | D:2      | Found Esirhomo's General Store.
   933 | D:2      | Reached XP level 3. HP: 36/36 MP: 2/2
  1074 | D:2      | Slain by a gnoll

Illustrated notes

Levels and vault maps discovered:
D:1:      elethiomel_arrival_quiet, layout_basic
D:2:      kennysheep_six_static_rooms, layout_basic, serial_shops,
          nicolae_shop_tiny_glass, minmay_heptomino_l4, uniq_sigmund

Skill      XL: |  1  2  3 |
---------------+----------+-----
Dodging        | 3 |  3.0
Fighting       | |  2.9
Unarmed Combat | |  3.9

Action                     || total
---------------------------++-------
  Melee: Unarmed           ||    80
         Punch             ||     2
 Armour: Animal skin       ||    19
  Dodge: Dodged            ||    39
